Unix NetHack Version 5.0.0-0 post-release - last build Jun 10 2026 00:39:30 (3ee93aec679c4c4259841fe613dc97188e26a321,branch:main).

Game began 2026-06-22 16:32:34, ended 2026-06-22 16:39:19.

LDaviesPeters, neutral female human Archeologist

         ------
         |..%..######------                          ------------
         |....|     #.....|                          ...........-
         |....|      |....|                    #   .............|
         |(...|      |.....###             #@f###-..............|
         |....|      |....|                    #  ------ --------
         --+---      |....|                   ##
           #         ----.-                   #
                         #          #         #
                         #        --+-----+-###
                         #       #..........#
                         #      ##|..*.....|
                      ---.--    # |.........
                      |....|      |.....)..|
                      |....| #####-........|
                      |.<..| #    |........|
                      |.....##    ----------
                      ------

LDaviesPeters the Field Worker  St:16 Dx:9 Co:10 In:15 Wi:16 Ch:10  Neutral
Dlvl:2  $:20 HP:0(22) Pw:17(17) AC:8  Xp:3 T:681 

Latest messages:
 The door closes.
 You swap places with your kitten.
 You swap places with your kitten.
 You swap places with your kitten.
 You swap places with your kitten.
 You hear a door open.
 You feel strong!
 You must have been exercising diligently.
 The door opens.
 The hobbit wields a sling!
 The hobbit shoots a gray stone!
 You are hit by a gray stone!
 The hobbit swings his sling.
 The hobbit hits!
 You lash the hobbit.
 The kitten misses the hobbit.
 You miss the hobbit.
 The kitten misses the hobbit.
 You kill the hobbit!
 Your kitten eats a hobbit corpse.
 You stop.  Your kitten is in the way!
 You stop.  Your kitten is in the way!
 You swap places with your kitten.
 You see here a gray stone.
 In what direction? 8
 You kick a gray stone.
 You see here a gray stone.
 t - a gray stone.
 What do you want to use or apply? [abfglpq or ?*] g
 What do you want to rub on the stone? [$t or ?*] t
 t - a flint stone.
 You find a hidden door.
 What do you want to drop? [$a-df-hjlo-t or ?*] t
 You drop a flint stone.
 You kill the lichen!
 Welcome to experience level 3.
 You swap places with your kitten.
 The door opens.
 The kitten drops a flint stone.
 In what direction? 8
 The door closes.
 You see here a flint stone.
 You find a hidden door.
 You kill the acid blob!
 You are splashed by the acid blob's acid!
 You see here an acid blob corpse.
 There is an acid blob corpse here; eat it? [ynq] (n) y
 You have a very bad case of stomach acid.
 You die...
 Do you want your possessions identified? [ynq] (y) q

Inventory:
 Coins    ('$')
  $ - 20 gold pieces
 Weapons  (')')
  o - a +0 orcish dagger
  a - a +2 bullwhip (weapon in right hand)
 Armor    ('[')
  c - an uncursed +0 fedora
  r - an uncursed +0 orcish helm (being worn)
  h - an uncursed +0 leather jacket (being worn)
 Comestibles  ('%')
  d - 4 uncursed food rations
  j - an uncursed tripe ration
 Scrolls  ('?')
  s - an uncursed scroll of identify
 Tools    ('(')
  b - an uncursed sack containing 4 items
  l - an uncursed oil lamp
  p - a +0 pick-axe (alternate weapon; not wielded)
  q - an uncursed tin opener
  f - a tinning kit (0:69)
 Gems/Stones  ('*')
  g - an uncursed touchstone

Contents of the sack:
  11 gold pieces
  a cursed scroll of identify
  a blessed scroll of light
  3 uncursed potions of healing

LDaviesPeters the Archeologist's attributes:

Background:
 You were a Field Worker, a level 3 female human Archeologist.
 You were neutral, on a mission for Camaxtli
 who was opposed by Quetzalcoatl (lawful) and Huhetotl (chaotic).
 You were right-handed.
 You were in the Dungeons of Doom, on level 2.
 You entered the dungeon 681 turns ago.
 You had 45 experience points, 35 more were needed to attain level 4.

Basics:
 You had 0 out of 22 hit points.
 You had all 17 energy points (spell power).
 Your armor class was 8.
 Your wallet contained 20 zorkmids, and
 you had 11 more stashed away in your pack.
 Autopickup was off.

Final Characteristics:
 Your strength was 16 (limit:18/100).
 Your dexterity was 9 (limit:18).
 Your constitution was 10 (limit:18).
 Your intelligence was 15 (limit:18).
 Your wisdom was 16 (limit:18).
 Your charisma was 10 (limit:18).

Final Status:
 You weren't hungry.
 You were unencumbered.
 You were wielding a whip.
 You had basic skill with whip.

Final Attributes:
 You were fervently aligned.
 You had automatic searching.
 You are dead.

Miscellaneous:
 You didn't encounter any bones levels.
 Total elapsed playing time was 6 minutes and 44 seconds.

Major events:
 Turn
    1: LDaviesPeters the neutral female human Archeologist entered the dungeon
  643: attained the rank of Field Worker (level 3)
  681: killed by an acidic corpse

You didn't know any spells.

Skills:
 Fighting Skills
   bare handed combat [Unskilled]
   two weapon combat  [Unskilled]
   riding             [Unskilled]
 Weapon Skills
   dagger             [Unskilled]
   knife              [Unskilled]
   pick-axe           [Basic]
   short sword        [Unskilled]
   saber              [Unskilled]
   club               [Unskilled]
   quarterstaff       [Unskilled]
   sling              [Unskilled]
   dart               [Unskilled]
   boomerang          [Unskilled]
   whip               [Basic]
   unicorn horn       [Unskilled]
 Spellcasting Skills
   attack spells      [Unskilled]
   healing spells     [Unskilled]
   divination spells  [Unskilled]
   matter spells      [Unskilled]

Voluntary challenges:
 Character rerolling was not enabled.
 You were an atheist.
 You never genocided any monsters.
 You never polymorphed an object.
 You never changed form.
 You used no wishes.
Achievement:
 You attained the rank of Field Worker.

 The Dungeons of Doom: levels 1 to 2
    Level 1:
       A fountain, some sinks.
    Level 2: <- You were here.
       Final resting place for
          you, killed by an acidic corpse.


Vanquished creatures:
 an acid blob
  a hobbit
  a kobold
  3 goblins
  2 lichens
  3 newts
11 creatures vanquished.

No species were genocided or became extinct.

Game over:
                       ----------
                      /          \
                     /    REST    \
                    /      IN      \
                   /     PEACE      \
                  /                  \
                  |  LDaviesPeters   |
                  |      31 Au       |
                  |   killed by an   |
                  |  acidic corpse   |
                  |                  |
                  |                  |
                  |       2026       |
                 *|     *  *  *      | *
        _________)/\\_//(\/(/\)/\//\/|_)_______

Goodbye LDaviesPeters the Archeologist...

You died in The Dungeons of Doom on dungeon level 2 with 258 points,
and 31 pieces of gold, after 681 moves.
You were level 3 with a maximum of 22 hit points when you died.

